3A
ALAMEDA AIRMEN @ GRIM REAPERS
05/05/2034
 
TOP OF THE 1ST
Alameda Airmen batting - Pitching for Grim Reapers : LHP Ramón Cerrillo
Pitching: LHP Ramón Cerrillo
Batting: RHB Bob Smelcer 0-0: Foul Ball, location: 2F
0-1: Foul Ball, location: 2F
0-2: Ball
1-2: Foul Ball, location: 2F
1-2: Ball
2-2: Ball
3-2: Reached on error, E6 (Groundball, 6)
Batting: RHB Marcos Avilés 0-0: Ball
1-0: Grounds into double play, 4-6-3 (Groundball, 34)
Batting: RHB Gang Jing 0-0: Called Strike
0-1: Fly out, F8 (Flyball, 8RXD)
Top of the 1st over - 0 runs, 0 hits, 1 error, 0 left on base; Alameda 0 - Grim 0
BOTTOM OF THE 1ST
Grim Reapers batting - Pitching for Alameda Airmen : LHP Santiago Rivera
Pitching: LHP Santiago Rivera
Batting: SHB Damien Monroe 0-0: Ball
1-0: Swinging Strike
1-1: Swinging Strike
1-2: Ball
2-2: Ground out 1-3 (Groundball, 15S)
Batting: RHB Brandon Palmer 0-0: Called Strike
0-1: Ball
1-1: Foul Ball, location: 2F
1-2: Foul Ball, location: 2F
1-2: Foul Ball, location: 2F
1-2: Ball
2-2: Ground out 6-3 (Groundball, 6)
Batting: RHB Bearooz Yacoobi 0-0: Fly out, F8 (Flyball, 8LXD)
Bottom of the 1st over - 0 runs, 0 hits, 0 errors, 0 left on base; Alameda 0 - Grim 0
TOP OF THE 2ND
Alameda Airmen batting - Pitching for Grim Reapers : LHP Ramón Cerrillo
Batting: LHB Héctor Velázquez 0-0: Fly out, F7 (Flyball, 7)
Batting: SHB Cecil Nelson 0-0: Ball
1-0: Ball
2-0: Ball
3-0: Called Strike
3-1: SINGLE (Groundball, 56D)
Batting: RHB Reynaldo Torres 0-0: Called Strike
0-1: Ball
1-1: Called Strike
1-2: SINGLE (Groundball, 5D)
Cecil Nelson to second
Batting: RHB Jim McMahon 0-0: Ball
1-0: SINGLE (Groundball, 6MD)
Cecil Nelson to third
Reynaldo Torres to second
Runner from 3rd tries for Home, SAFE, no throw
Batting: SHB Zack Murphy 0-0: Ball
1-0: Ball
2-0: Foul Ball, location: 2F
2-1: Foul Ball, location: 2F
2-2: Ball
3-2: Strikes out swinging
Batting: RHB Pablo Pagán 0-0: Ball
1-0: Foul Ball, location: 2F
1-1: Foul Ball, location: 2F
1-2: Foul Ball, location: 2F
1-2: Fielders Choice at 2nd, 6-4 (Groundball, 6)
Top of the 2nd over - 1 run, 3 hits, 0 errors, 2 left on base; Alameda 1 - Grim 0
BOTTOM OF THE 2ND
Grim Reapers batting - Pitching for Alameda Airmen : LHP Santiago Rivera
Batting: LHB Semo Hoaloha 0-0: Swinging Strike
0-1: Foul Ball, location: 2F
0-2: Strikes out swinging
Batting: RHB Fraser Albrecht 0-0: SINGLE (Groundball, 56S) (infield hit)
Batting: RHB Marvin Strickland 0-0: Swinging Strike
0-1: Ball
1-1: Ball
2-1: Ball
3-1: Called Strike
3-2: DOUBLE (Line Drive, 89M)
Fraser Albrecht to third
Batting: RHB Jaxton Goleta 0-0: Fly out, F8 (Flyball, 78M)
Batting: RHB Chi-eun Mun 0-0: Ball
1-0: Fly out, F9 (Line Drive, 89M)
Bottom of the 2nd over - 0 runs, 2 hits, 0 errors, 2 left on base; Alameda 1 - Grim 0
TOP OF THE 3RD
Alameda Airmen batting - Pitching for Grim Reapers : LHP Ramón Cerrillo
Batting: RHB Bob Smelcer 0-0: Ball
1-0: Foul Ball, location: 2F
1-1: Called Strike
1-2: Foul Ball, location: 2F
1-2: Foul Ball, location: 2F
1-2: Ball
2-2: Ball
3-2: Base on Balls
Batting: RHB Marcos Avilés 0-0: Grounds into double play, 4-6-3 (Groundball, 4)
Batting: RHB Gang Jing 0-0: Called Strike
0-1: Foul Ball, location: 2F
0-2: Ball
1-2: Ground out 4-3 (Groundball, 4)
Top of the 3rd over - 0 runs, 0 hits, 0 errors, 0 left on base; Alameda 1 - Grim 0
BOTTOM OF THE 3RD
Grim Reapers batting - Pitching for Alameda Airmen : LHP Santiago Rivera
Batting: RHB Joe Rodgers 0-0: Swinging Strike
0-1: Ball
1-1: Ball
2-1: Ball
3-1: Ground out 4-3 (Groundball, 4)
Batting: SHB Damien Monroe 0-0: Called Strike
0-1: Ball
1-1: Swinging Strike
1-2: Foul Ball, location: 2F
1-2: Foul Ball, location: 2F
1-2: Ball
2-2: SINGLE (Line Drive, 7LS)
Batting: RHB Brandon Palmer 0-0: Ball
1-0: Called Strike
1-1: Ball
2-1: Ball
3-1: Base on Balls
Damien Monroe to second
Batting: RHB Bearooz Yacoobi 0-0: Foul Ball, location: 2F
0-1: Ball
1-1: Reached on error, E8 (Flyball, 8LD)
Damien Monroe scores
Brandon Palmer to third
Batting: LHB Semo Hoaloha 0-0: Called Strike
0-1: Ball
1-1: Ball
2-1: Ball
3-1: Swinging Strike
3-2: Base on Balls
Batting: RHB Fraser Albrecht 0-0: Called Strike
0-1: SINGLE (Groundball, 56D)
Brandon Palmer scores
Bearooz Yacoobi to third
Semo Hoaloha to second
Runner from 3rd tries for Home, SAFE, no throw
Batting: RHB Marvin Strickland 0-0: Ball
1-0: Ball
2-0: Swinging Strike
2-1: Fly out, F7 (Flyball, 78D)
Batting: RHB Jaxton Goleta 0-0: Called Strike
0-1: SINGLE (Flyball, 89S)
Semo Hoaloha to third
Fraser Albrecht to second
Runner from 3rd tries for Home, SAFE, no throw
Batting: RHB Chi-eun Mun 0-0: Fly out, F7 (Line Drive, 7)
Bottom of the 3rd over - 4 runs, 3 hits, 1 error, 2 left on base; Alameda 1 - Grim 4
TOP OF THE 4TH
Alameda Airmen batting - Pitching for Grim Reapers : LHP Ramón Cerrillo
Batting: LHB Héctor Velázquez 0-0: Called Strike
0-1: Foul Ball, location: 2F
0-2: Ball
1-2: Strikes out swinging
Batting: SHB Cecil Nelson 0-0: Swinging Strike
0-1: Foul Ball, location: 2F
0-2: Ball
1-2: Ball
2-2: Ball
3-2: Foul Ball, location: 2F
3-2: Foul Ball, location: 2F
3-2: Foul Ball, location: 2F
3-2: Base on Balls
Batting: RHB Reynaldo Torres 0-0: Foul Ball, location: 2F
0-1: Swinging Strike
0-2: Ball
1-2: Strikes out looking
Batting: RHB Jim McMahon 0-0: Ball
1-0: Foul Ball, location: 2F
1-1: Ball
Balk!
Cecil Nelson to second
2-1: Foul Ball, location: 2F
2-2: Fly out, F7 (Flyball, 78D)
Top of the 4th over - 0 runs, 0 hits, 0 errors, 1 left on base; Alameda 1 - Grim 4
BOTTOM OF THE 4TH
Grim Reapers batting - Pitching for Alameda Airmen : LHP Santiago Rivera
Batting: RHB Joe Rodgers 0-0: Ball
1-0: Foul Ball, location: 2F
1-1: Foul Ball, location: 2F
1-2: Ball
2-2: Ground out 6-3 (Groundball, 6)
Batting: SHB Damien Monroe 0-0: Ball
1-0: Called Strike
1-1: Foul Ball, location: 2F
1-2: Ball
2-2: Strikes out swinging
Batting: RHB Brandon Palmer 0-0: Ball
1-0: Ball
2-0: SINGLE (Flyball, 8LS)
Batting: RHB Bearooz Yacoobi 0-0: Called Strike
0-1: Foul Ball, location: 2F
0-2: Strikes out swinging
Bottom of the 4th over - 0 runs, 1 hit, 0 errors, 1 left on base; Alameda 1 - Grim 4
TOP OF THE 5TH
Alameda Airmen batting - Pitching for Grim Reapers : LHP Ramón Cerrillo
Batting: SHB Zack Murphy 0-0: Foul Ball, location: 2F
0-1: Ball
1-1: Ground out 5-3 (Groundball, 5)
Batting: RHB Pablo Pagán 0-0: Ball
1-0: Ball
2-0: Ground out 5-3 (Groundball, 5S)
Batting: RHB Bob Smelcer 0-0: Called Strike
0-1: Ball
1-1: Foul Ball, location: 2F
1-2: Strikes out swinging
Top of the 5th over - 0 runs, 0 hits, 0 errors, 0 left on base; Alameda 1 - Grim 4
BOTTOM OF THE 5TH
Grim Reapers batting - Pitching for Alameda Airmen : LHP Santiago Rivera
Batting: LHB Semo Hoaloha 0-0: Ball
1-0: Fly out, F8 (Flyball, 8RM)
Batting: RHB Fraser Albrecht 0-0: Ball
1-0: Foul Ball, location: 2F
1-1: Ball
2-1: Called Strike
2-2: Strikes out swinging
Batting: RHB Marvin Strickland 0-0: Ball
1-0: Ball
2-0: Ball
3-0: Called Strike
3-1: SINGLE (Line Drive, 56D)
Batting: RHB Jaxton Goleta 0-0: Ball
1-0: Swinging Strike
1-1: Foul Ball, location: 2F
1-2: Fly out, F9 (Flyball, 9)
Bottom of the 5th over - 0 runs, 1 hit, 0 errors, 1 left on base; Alameda 1 - Grim 4
TOP OF THE 6TH
Alameda Airmen batting - Pitching for Grim Reapers : LHP Ramón Cerrillo
Batting: RHB Marcos Avilés 0-0: Ball
1-0: Ball
2-0: Called Strike
2-1: Swinging Strike
2-2: Ball
3-2: Base on Balls
Batting: RHB Gang Jing 0-0: Reached on error, E5 (Groundball, 5L)
Marcos Avilés to second
Batting: LHB Héctor Velázquez 0-0: Called Strike
0-1: Ball
1-1: Ball
2-1: Ball
3-1: SINGLE (Groundball, 6D)
Marcos Avilés to third
Gang Jing to second
Runner from 3rd tries for Home, SAFE, no throw
Batting: SHB Cecil Nelson 0-0: Ball
1-0: Foul Ball, location: 2F
1-1: Called Strike
1-2: Strikes out swinging
Pitching: RHP Chet Gustafson
Batting: RHB Reynaldo Torres 0-0: Ball
Gang Jing steals 3rd base
Héctor Velázquez to second
1-0: Ball
2-0: Foul Ball, location: 2F
2-1: Foul Ball, location: 2F
2-2: DOUBLE (Groundball, 3L)
Gang Jing scores
Héctor Velázquez scores
Batting: RHB Jim McMahon 0-0: Called Strike
0-1: Ball
1-1: Ball
2-1: Ball
3-1: DOUBLE (Line Drive, 78XD)
Reynaldo Torres scores
Batting: SHB Zack Murphy 0-0: Fly out, F7 (Line Drive, 7)
Batting: RHB Pablo Pagán 0-0: Called Strike
0-1: Foul Ball, location: 2F
0-2: Ball
1-2: Strikes out swinging
Top of the 6th over - 4 runs, 3 hits, 1 error, 1 left on base; Alameda 5 - Grim 4
BOTTOM OF THE 6TH
Grim Reapers batting - Pitching for Alameda Airmen : LHP Santiago Rivera
Pitching: RHP Emmett Cook
Batting: RHB Chi-eun Mun 0-0: Ball
1-0: Foul Ball, location: 2F
1-1: Ball
2-1: Ball
3-1: Base on Balls
Batting: RHB Joe Rodgers 0-0: Sac Bunt - play at first, batter OUT! 1-3
Chi-eun Mun to second
Batting: SHB Damien Monroe 0-0: Ball
1-0: Called Strike
1-1: SINGLE (Groundball, 4MD)
Chi-eun Mun to third
Runner from 3rd tries for Home, SAFE, no throw
Batting: RHB Brandon Palmer 0-0: Ball
1-0: Swinging Strike
1-1: Ball
2-1: Called Strike
2-2: Ball
3-2: Foul Ball, location: 2F
3-2: Base on Balls
Damien Monroe to second
Batting: RHB Bearooz Yacoobi 0-0: Called Strike
0-1: Foul Ball, location: 2F
0-2: Strikes out swinging
Batting: LHB Semo Hoaloha 0-0: Ball
1-0: Called Strike
1-1: Foul Ball, location: 2F
1-2: Strikes out swinging
Bottom of the 6th over - 1 run, 1 hit, 0 errors, 2 left on base; Alameda 5 - Grim 5
TOP OF THE 7TH
Alameda Airmen batting - Pitching for Grim Reapers : RHP Chet Gustafson
Batting: RHB Bob Smelcer 0-0: Ball
1-0: Called Strike
1-1: Ball
2-1: Swinging Strike
2-2: Ball
3-2: Strikes out swinging
Batting: RHB Marcos Avilés 0-0: Ball
1-0: Called Strike
1-1: Swinging Strike
1-2: Strikes out swinging
Batting: RHB Gang Jing 0-0: Ball
1-0: Foul Ball, location: 2F
1-1: Foul Ball, location: 2F
1-2: DOUBLE (Line Drive, 78D)
Batting: LHB Héctor Velázquez 0-0: Ball
1-0: Called Strike
1-1: Ball
2-1: Foul Ball, location: 2F
2-2: Foul Ball, location: 2F
2-2: Ball
3-2: SINGLE (Groundball, 4MD)
Gang Jing to third
Gang Jing scores
Batting: SHB Cecil Nelson 0-0: SINGLE (Groundball, 34D)
Héctor Velázquez to second
Runner from 2nd tries for 3rd, SAFE, no throw
Batting: RHB Reynaldo Torres 0-0: Fly out, F8 (Flyball, 8RS)
Top of the 7th over - 1 run, 3 hits, 0 errors, 2 left on base; Alameda 6 - Grim 5
BOTTOM OF THE 7TH
Grim Reapers batting - Pitching for Alameda Airmen : RHP Emmett Cook
Batting: RHB Fraser Albrecht 0-0: Ball
1-0: Ball
2-0: Ball
3-0: Base on Balls
Pinch Hitting: SHB John Wilder 0-0: Ball
1-0: Ball
2-0: Foul Ball, location: 2F
2-1: Foul Ball, location: 2F
2-2: Ball
3-2: Fly out, F9 (Flyball, 9S)
Pinch Hitting: LHB Kei-thing Zhang 0-0: Ball
1-0: Called Strike
1-1: Fly out, F8 (Flyball, 8RD)
Batting: RHB Chi-eun Mun 0-0: SINGLE (Line Drive, 8RS)
Fraser Albrecht to second
Pinch Hitting: SHB Guo-liang Ye 0-0: Swinging Strike
0-1: Ball
1-1: Called Strike
1-2: Ground out 4-3 (Groundball, 4)
Bottom of the 7th over - 0 runs, 1 hit, 0 errors, 2 left on base; Alameda 6 - Grim 5
TOP OF THE 8TH
Alameda Airmen batting - Pitching for Grim Reapers : RHP Chet Gustafson
Now at 1B: John Wilder
Now at 2B: Guo-liang Ye
Now at SS: Kei-thing Zhang
Batting: RHB Jim McMahon 0-0: Called Strike
0-1: Foul Ball, location: 2F
0-2: SINGLE (Groundball, 6D)
Batting: SHB Zack Murphy 0-0: Bunted foul
0-1: Bunted foul
0-2: Strikes out looking
Batting: RHB Pablo Pagán 0-0: Called Strike
0-1: Called Strike
0-2: Strikes out swinging
Batting: RHB Bob Smelcer 0-0: Called Strike
0-1: Foul Ball, location: 2F
0-2: Ball
1-2: Fly out, F8 (Flyball, 8RS)
Top of the 8th over - 0 runs, 1 hit, 0 errors, 1 left on base; Alameda 6 - Grim 5
BOTTOM OF THE 8TH
Grim Reapers batting - Pitching for Alameda Airmen : RHP Emmett Cook
Batting: SHB Damien Monroe 0-0: Ball
1-0: Ball
2-0: Reached on error, E5 (Groundball, 5)
Pitching: RHP Ramón Serrano
Batting: RHB Brandon Palmer 0-0: Called Strike
0-1: Ball
1-1: Ball
2-1: Foul Ball, location: 2F
2-2: Strikes out swinging
Batting: RHB Bearooz Yacoobi 0-0: Fly out, F5 (Line Drive, 5S)
Batting: LHB Semo Hoaloha 0-0: Called Strike
0-1: Ball
1-1: Called Strike
1-2: Ball
2-2: Ball
3-2: 2-RUN HOME RUN (Flyball, 9LD), Distance : 334 ft
Batting: RHB Fraser Albrecht 0-0: Called Strike
0-1: Ball
1-1: Foul Ball, location: 2F
1-2: Strikes out swinging
Bottom of the 8th over - 2 runs, 1 hit, 1 error, 0 left on base; Alameda 6 - Grim 7
TOP OF THE 9TH
Alameda Airmen batting - Pitching for Grim Reapers : RHP Chet Gustafson
Pitching: RHP Jerry Magee
Now at C: Nobuhisa Kuwabara
Batting: RHB Marcos Avilés 0-0: SINGLE (Line Drive, 8LS)
Batting: RHB Gang Jing 0-0: Called Strike
0-1: Ball
Wild Pitch!
Marcos Avilés to second
1-1: Swinging Strike
1-2: Strikes out swinging
Batting: LHB Héctor Velázquez 0-0: Foul Ball, location: 2F
0-1: Ball
1-1: Swinging Strike
1-2: Ball
2-2: Ball
3-2: Strikes out swinging
Batting: SHB Cecil Nelson 0-0: Ball
1-0: Ball
2-0: Called Strike
2-1: Foul Ball, location: 2F
2-2: Strikes out swinging
Top of the 9th over - 0 runs, 1 hit, 0 errors, 1 left on base; Alameda 6 - Grim 7
Friday, March 29th, 2019 - OOTP Baseball 18.8 Build 76